 Dungeon Crawl Stone Soup version 0.29-a0-231-g945431f764 (webtiles) character file.

Game seed: 3275781356863012192

467 horus123 the Destroyer (level 6, -5/32 HPs)
             Began as a Deep Elf Conjurer on Feb 28, 2022.
             Slain by Duvessa
             ... wielding a +2 rapier of distortion
              (7 damage)
             ... on level 4 of the Dungeon.
             The game lasted 00:05:58 (3265 turns).

horus123 the Destroyer (Deep Elf Conjurer)          Turns: 3265, Time: 00:05:59

Health: -5/32      AC:  4    Str:  4    XL:     6   Next: 81%
Magic:  7/15       EV: 12    Int: 25    God:
Gold:   241        SH:  0    Dex: 13    Spells: 8/15 levels left

rFire   . . .      SeeInvis .   j - +0 short sword
rCold   . . .      Faith    .   (no shield)
rNeg    . . .      Spirit   .   a - +2 robe
rPois   .          Reflect  .   (no helmet)
rElec   .          Harm     .   (no cloak)
rCorr   .          Rampage  .   (no gloves)
Will    .....                   (no boots)
Stlth   ++........              (no amulet)
HPRegen 0.10/turn               e - ring of flight
MPRegen 0.14/turn               (no ring)

@: flying
A: no striking features
a: no special abilities


You were on level 4 of the Dungeon.
You visited 1 branch of the dungeon, and saw 4 of its levels.

You collected 241 gold pieces.

Inventory:

Hand Weapons
 j - a +0 short sword (weapon)
Armour
 a - a +2 robe (worn)
Magical Staves
 b - a staff of air
Jewellery
 e - a ring of flight (left hand)
Wands
 i - a wand of flame (13)
Potions
 c - 2 potions of flight
 d - a potion of heal wounds {unknown}
 f - a potion of mutation {unknown}
 g - a potion of degeneration {unknown}
 h - a potion of might {unknown}
 k - a potion of curing {unknown}


   Skills:
 - Level 2.4 Dodging
 - Level 2.4 Stealth
 - Level 5.0 Spellcasting
 + Level 8.4 Conjurations


You had 8 spell levels left.
You knew the following spells:

 Your Spells              Type           Power      Damage    Failure   Level
a - Magic Dart            Conj           100%       1d8       1%          1
b - Searing Ray           Conj           96%        2d7       1%          2
c - Iskenderun's Mystic   Conj/Tloc      27%        2d7       14%         4

Your spell library contained the following spells:

 Spells                   Type           Power      Damage    Failure   Level
 Dazzling Flash           Conj/Hex       54%        N/A       4%          3
 Stone Arrow              Conj/Erth      54%        3d10      4%          3
 Sandblast                Erth           12%        2d6       9%          1
 Ensorcelled Hibernation  Hex/Ice        12%        N/A       12%         2
 Passwall                 Tmut/Erth      5%         N/A       12%         2
 Fulminant Prism          Conj/Hex       13%        3d9       14%         4
 Swiftness                Air            6%         N/A       24%         3


Dungeon Overview and Level Annotations

Branches:
Dungeon (4/15)
 Temple: D:4-7

Altars:
Ashenzari

Annotations:
D:4 Dowan, Duvessa


Message History

Duvessa shouts!
Duvessa says, "When magic and the sword combine, nothing stands against them."
Casting: Magic Dart (safe; 1% risk of failure)
Confirm with . or Enter, or press ? or * to list all spells.
Aiming: Searing Ray (safe; 1% risk of failure)
Press: ? - help, Shift-Dir - straight line, f/p - Duvessa
Aim: Duvessa, wielding a +2 rapier of distortion and wearing a +0 chain mail (lightly wounded, 90% to hit)
The searing ray hits Duvessa but does no damage.
Duvessa is lightly wounded. (Press . to maintain the ray.)
The searing ray hits Duvessa but does no damage.
Duvessa is lightly wounded.
Dowan, Brother of Duvessa comes into view.
He is wielding a +0 dagger and wearing a +2 robe of willpower.
The searing ray hits Duvessa but does no damage.
Duvessa is lightly wounded.
Dowan says, "Stay away from my face!"
Dowan casts a spell.
Dowan blinks!
Duvessa says, "Beauty is only skin deep, and my weapons penetrate much further than that."
The searing ray hits Duvessa.
Duvessa is moderately wounded.
You finish channelling your searing ray.
Duvessa hits you with a +2 rapier of distortion!
Space warps horribly around you!!
Ouch! That really hurt!
* * * LOW HITPOINT WARNING * * *
Okay, then.
Items here: )) [ ÷÷.
There is a stone staircase leading up here.
Casting: Searing Ray (safe; 1% risk of failure)
Confirm with . or Enter, or press ? or * to list all spells.
The spell is quite dangerous to miscast (14% risk of failure)!
Continue anyway?
You erupt in a blast of force!
The mystic blast hits Duvessa but does no damage.
Duvessa is moderately wounded.
Duvessa says, "My weaknesses are his strengths!"
Duvessa hits you with a +2 rapier of distortion.
* * * LOW HITPOINT WARNING * * *
Space warps around you!
You die...

. #.# #..###.# .
#..#####.....# #.
#..........## ####
#.###.........# #..##
#..##.........# ##..###
#............#
##...#####.>..###.!...#
###....#...#.# #......#
####..@e)..#######...
#####.#......## #.#
#####..÷..###).).(# ..
......<)### ##..#....
###...#.# #.# ###
....###.# ... ##. #.#
#... #. ..# .#.# # ...
.#.#


You could see Duvessa.

Vanquished Creatures
  Sigmund (D:4)
  A scorpion (D:4)
  A hound (D:4)
  An orc priest (D:4)
  An orc wizard (D:4)
  8 gnolls
  2 adders
  A worm (D:3)
  A dart slug (D:2)
  4 orcs (D:4)
  11 endoplasms
  2 giant cockroaches (D:1)
  3 goblins (D:1)
  7 hobgoblins
  6 kobolds
  6 ball pythons
  9 bats
  2 frilled lizards
  5 rats
72 creatures vanquished.

Vanquished Creatures (others)
  2 plants (D:2)
2 creatures vanquished.

Grand Total: 74 creatures vanquished

Notes
Turn   | Place    | Note
-------+----------+-------------------------------------------
     0 | D:1      | horus123 the Deep Elf Conjurer began the quest for the Orb.
     0 | D:1      | Reached XP level 1. HP: 10/10 MP: 6/6
   312 | D:1      | Reached XP level 2. HP: 15/15 MP: 6/9
   827 | D:1      | Reached XP level 3. HP: 19/19 MP: 8/11
   926 | D:1      | Reached skill level 5 in Spellcasting
  1100 | D:1      | Learned a level 2 spell: Searing Ray
  1261 | D:2      | You are sucked into a shaft and drop 1 floor!
  1628 | D:2      | Reached skill level 5 in Conjurations
  1813 | D:2      | Found a faded altar of an unknown god.
  1962 | D:3      | Found a broken altar of Ashenzari.
  2009 | D:3      | Reached XP level 4. HP: 24/24 MP: 8/13
  2296 | D:3      | Reached skill level 6 in Conjurations
  2301 | D:3      | Reached XP level 5. HP: 28/28 MP: 0/14
  2531 | D:3      | Learned a level 4 spell: Iskenderun's Mystic Blast
  2886 | D:4      | Reached skill level 7 in Conjurations
  2967 | D:4      | Reached XP level 6. HP: 30/32 MP: 9/15
  2973 | D:4      | Noticed Sigmund
  3050 | D:4      | Killed Sigmund
  3051 | D:4      | Reached skill level 8 in Conjurations
  3249 | D:4      | Noticed Duvessa
  3253 | D:4      | Noticed Dowan
  3265 | D:4      | Slain by Duvessa

Illustrated notes

Levels and vault maps discovered:
D:1:      eino_arrival_druids_welcome, layout_loops_ring
D:2:      minmay_door_path, layout_rooms, chequers_ecumenical_altar_lobes,
          minmay_pentomino_s2
D:3:      layout_basic, evilmike_ruin_ashenzari
D:4:      layout_rooms, mainiacjoe_overflow_alcove_2, nzn_wu_jian_council_hall,
          uniq_eustachio, uniq_duvessa, uniq_sigmund

Skill      XL: |  1  2  3  4  5  6 |
---------------+-------------------+-----
Spellcasting   | 4 5 |  5.0
Conjurations   | 5 6 7 8 |  8.4
Dodging        | |  2.4
Stealth        | |  2.4

Action                   |  1- 3 |  4- 6 || total
-------------------------+-------+-------++-------
 Cast: Magic Dart        |    76 |    44 ||   120
       Searing Ray       |     1 |    12 ||    13
       Iskenderun's Myst |       |     1 ||     1
  Use: Scroll            |     6 |     3 ||     9
Armor: Robe              |     3 |       ||     3
Dodge: Dodged            |     3 |     6 ||     9

Table legend: (Time is in decaauts)
 A = Elapsed time spent in this place.
 B = Non-inter-level travel time spent in this place.
 C = Inter-level travel time spent in this place.
 D = Time resting spent in this place.
 E = Time spent auto-exploring this place.
 F = Levels seen in this place.
 G = Mean time per level.
                   A        B        C        D        E       F      G
               +--------+--------+--------+--------+--------+-----+--------+
         Total |   3266 |   3183 |     83 |    529 |   2162 |   4 |  816.5 |
       Dungeon |   3266 |   3183 |     83 |    529 |   2162 |   4 |  816.5 |
               +--------+--------+--------+--------+--------+-----+--------+

Top non-repeatable levels by time:
     D:1: 1111 daAuts
     D:2: 939 daAuts
     D:3: 880 daAuts
     D:4: 335 daAuts
